[Event "Team 45 45 League T23"]
[Site "Free Internet Chess Server"]
[Date "PDT.07.0"]
[Round "5"]
[White "ggrayggray"]
[Black "ButiOxa"]
[Result "1-0"]
[WhiteElo "1820"]
[BlackElo "1767"]
[TimeControl "2700+45"]

1. e4 e5 2. Nf3 Nc6 3. Bb5 a6 4. Ba4 Nf6 5. O-O Be7 6. Re1 b5 7. Bb3 d6 8. c3 O-O 9. h3 Nb8 10. d4 Nbd7 11. Nbd2 Bb7 12. Bc2 c5 13. Nf1 Re8 14. Ng3 Bf8 15. d5 g6 16. Bg5 h6 17. Be3 Bg7 18. Qd2 Kh7 19. Red1 Bc8 20. a4 Rb8 21. axb5 axb5 22. Ra2 b4 23. Bd3 Qc7 24. Rda1 bxc3 25. bxc3 Bb7 26. Bb5 Bxd5 27. Bxd7 Bxa2 28. Bxe8   {Black resigns} 1-0

[Event "Team 45 45 League T23"]
[Site "Free Internet Chess Server"]
[Date "2004.07.12"]
[Round "5"]
[White "CleverBanana"]
[Black "Jabo"]
[Result "1-0"]
[WhiteElo "1651"]
[BlackElo "1410"]
[TimeControl "2700+45"]

1. d4 Nf6 2. c4 e6 3. Nc3 Bb4 4. Bd2 Bxc3 5. Bxc3 d5 6. Nf3 Nbd7 7. Bb4 Nb6 8. cxd5 exd5 9. e3 a6 10. Be2 Ne4 11. O-O Be6 12. Rc1 Qd7 13. Qc2 Qa4 14. Qxa4+ Nxa4 15. Rxc7 b5 16. Re7+ Kd8 17. Ne5 Nd2 18. Rc1 Nc4 19. Nc6+ Kc8 20. b3   {Black resigns} 1-0

[Event "Team 45 45 League T23"]
[Site "Free Internet Chess Server"]
[Date "PDT.07.0"]
[Round "5"]
[White "TStrobaugh"]
[Black "FusterCluck"]
[Result "1-0"]
[WhiteElo "1448"]
[BlackElo "1654"]
[TimeControl "2700+45"]

1. e4 c6 2. d4 d5 3. exd5 cxd5 4. Nf3 Nc6 5. Bb5 Qb6 6. Nc3 a6 7. Ba4 e6 8. O-O Bd7 9. a3 g6 10. Ne5 Nxe5 11. Bxd7+ Nxd7 12. Na4 Qc7 13. b4 b5 14. Nc5 Nxc5 15. dxc5 Bg7 16. Rb1 Ne7 17. Bb2 Bxb2 18. Rxb2 Nc6 19. Qd2 Ne5 20. Qh6 Nc4 21. Ra2 O-O-O 22. a4 bxa4 23. Rxa4 a5 24. Rfa1 Nb2 25. Rxa5 Qe5 26. Ra8+ Kd7 27. R1a7+ Ke8 28. Rxd8+ Kxd8 29. Ra8+ Kc7 30. Ra7+ Kc6 31. Qc1 Nc4 32. f4 Qb2 33. Qe1 Rb8 34. Rxf7 Qxb4 35. Qxe6+ Kxc5 36. Rc7+ Kb5 37. Qc6+ Ka5 38. Ra7#   {Black checkmated} 1-0

[Event "Team 45 45 League T23"]
[Site "Free Internet Chess Server"]
[Date "2004.07.10"]
[Round "5"]
[White "thelovegambit"]
[Black "chesstalker"]
[Result "0-1"]
[WhiteElo "1459"]
[BlackElo "1265"]
[TimeControl "2700+45"]

1. e4 e5 2. Nf3 Nc6 3. Bb5 d6 4. d4 Qe7 5. d5 a6 6. Bxc6+ bxc6 7. dxc6 Rb8 8. Nc3 Nf6 9. Qe2 Rb6 10. Nd5 Nxd5 11. exd5 g6 12. O-O Bg7 13. c3 O-O 14. Be3 Rb5 15. c4 Rb8 16. Rac1 e4 17. Nd4 a5 18. b3 Ba6 19. Qd2 a4 20. Qa5 Ra8 21. Qxa4 Rfb8 22. Rfe1 Bc8 23. Qxa8 Rxa8 24. Re2 Bxd4 25. Bxd4 Bf5 26. a4 Qg5 27. Rce1 Rb8 28. f3 Bh3 29. g4 f5 30. Be3 f4 31. Bd4 e3 32. Rb1 h5 33. a5 hxg4 34. fxg4 Qxg4+ 35. Kh1 Qxe2 36. Rg1 Kh7 37. b4 Qf3+   {White resigns} 0-1

[Event "Team 45 45 League T23"]
[Site "Free Internet Chess Server"]
[Date "PDT.07.0"]
[Round "5"]
[White "zcomcon"]
[Black "fismoluni"]
[Result "1-0"]
[WhiteElo "1687"]
[BlackElo "1671"]
[TimeControl "2700+45"]

1. e4 c5 2. c3 Nc6 3. d4 cxd4 4. cxd4 d6 5. Nc3 Nf6 6. Be3 a6 7. h3 e6 8. Nf3 b5 9. a3 Qc7 10. Bd3 Bb7 11. O-O g6 12. b4 Bg7 13. Qd2 O-O 14. Rfc1 Qe7 15. Bh6 Rad8 16. Bxg7 Kxg7 17. Rc2 Rd7 18. Rac1 Qd8 19. Ne2 Ne7 20. Ng3 Nc8 21. Qc3 Kg8 22. Qb3 Qb6 23. Qb2 Qa7 24. d5 e5 25. Rc7 Rxc7 26. Rxc7 Qb8 27. Rc2 Nb6 28. Nd2 Rc8 29. Nb3 Rc7 30. Qc1 Rxc2 31. Qxc2 Qc8 32. Ne2 Nc4 33. Bxc4 Qxc4 34. Qxc4 bxc4 35. Na5 Ba8 36. f3 Kf8 37. Nxc4 Ke7 38. Kf2 Ne8 39. Ke3 g5 40. Ng3 Nc7 41. a4 Bb7 42. Nf5+ Kd7 43. Nfxd6 Bxd5 44. exd5 Nxd5+ 45. Ke4 Nxb4 46. Nxf7 Na2 47. Kxe5   {Black resigns} 1-0

[Event "Team 45 45 League T23"]
[Site "Free Internet Chess Server"]
[Date "PDT.07.0"]
[Round "5"]
[White "petlya"]
[Black "Zakath"]
[Result "1-0"]
[WhiteElo "1666"]
[BlackElo "1399"]
[TimeControl "2700+45"]

1. e4 e6 2. d4 d5 3. exd5 exd5 4. Nf3 Nf6 5. Bg5 h6 6. Bh4 Bb4+ 7. c3 Ba5 8. Bd3 O-O 9. O-O Re8 10. Nbd2 Bg4 11. h3 Bh5 12. Qc2 Bxf3 13. Nxf3 Qd6 14. Rfe1 Nbd7 15. Ne5 Nh5 16. Bh7+ Kf8 17. Qf5 Ndf6 18. Bxf6 Nxf6 19. Re3 Qe6 20. Qd3 Re7 21. Ng6+   {Black resigns} 1-0

[Event "Team 45 45 League T23"]
[Site "Free Internet Chess Server"]
[Date "PDT.07.0"]
[Round "5"]
[White "yonailo"]
[Black "Tokyo"]
[Result "1/2-1/2"]
[WhiteElo "1761"]
[BlackElo "2135"]
[TimeControl "2700+45"]

1. e4 c6 2. d4 d5 3. Nc3 dxe4 4. Nxe4 Bf5 5. Ng3 Bg6 6. h4 h6 7. h5 Bh7 8. Bd3 Bxd3 9. Qxd3 Nf6 10. Nf3 Qc7 11. Ne5 e6 12. Bf4 Bd6 13. Ne4 Nxe4 14. Qxe4 Nd7 15. O-O-O O-O-O 16. Bg3 f5 17. Qe2 Bxe5 18. dxe5 Nc5 19. f3 Rd5 20. Rxd5 cxd5 21. Qb5 a6 22. Qe2 Rd8 23. Rd1 b5 24. Rd4 Kb7 25. Rb4 d4 26. Bf2 d3 27. Qd2 dxc2 28. Rd4 Rxd4 29. Qxd4 Qd7 30. Qxd7+ Nxd7 31. Kxc2 Kc6 32. f4 Kd5 33. Kd3 a5 34. b3 Nb8 35. a4 bxa4 36. bxa4 Na6 37. Bb6 Nb4+ 38. Ke3 Nc6 39. Kd3 Nb4+ 40. Kc3 Nc6 41. Kd3 Nb4+ 42. Kc3 Nc6 43. Kd3 Nb4+ 44. Kc3   {Game drawn by repetition} 1/2-1/2

[Event "Team 45 45 League T23"]
[Site "Free Internet Chess Server"]
[Date "2004.07.12"]
[Round "5"]
[White "peepn"]
[Black "ground"]
[Result "1-0"]
[WhiteElo "2111"]
[BlackElo "1629"]
[TimeControl "2700+45"]

1. e4 e5 2. Nf3 Nc6 3. Bb5 Qf6 4. Nc3 Nd4 5. Nxd4 exd4 6. Nd5 Qe5 7. d3 c6 8. Bf4 Bb4+ 9. Kf1 Qxf4 10. Nxf4 cxb5 11. Nd5 Bd6 12. e5 Bxe5 13. Qe2 f6 14. f4 Kf7 15. fxe5 fxe5 16. Qxe5 d6 17. Qxd4 Be6 18. Nc7 Rf8 19. Nxe6 Kxe6+ 20. Kg1 Ne7 21. Qg4+ Rf5 22. Re1+ Kf6 23. Rxe7 Rf8 24. Qxg7#   {Black checkmated} 1-0

[Event "Team 45 45 League T23"]
[Site "Free Internet Chess Server"]
[Date "PDT.07.0"]
[Round "5"]
[White "roverch"]
[Black "jikes"]
[Result "0-1"]
[WhiteElo "1790"]
[BlackElo "1763"]
[TimeControl "2700+45"]

1. e4 e5 2. Nf3 Nc6 3. Bc4 Bc5 4. b4 Bxb4 5. c3 Ba5 6. d4 exd4 7. O-O Nge7 8. cxd4 d5 9. exd5 Nxd5 10. Qb3 Be6 11. Qxb7 Ndb4 12. Bb5 Bd5 13. Ne5 Rb8 14. Bxc6+ Nxc6 15. Qxc6+ Bxc6 16. Nxc6 Qd5 17. Nxb8 Qb7 18. Bd2 Bxd2 19. Nxd2 Qxb8 20. Rfe1+ Kd7 21. Rab1 Qa8 22. Ne4 Rb8 23. Nc5+ Kd6 24. Rbc1 Qd5 25. Rc2 Rb4 26. Na6 Rxd4 27. Nxc7 Rd1 28. Ne8+ Kd7 29. Re2 Rxe1+ 30. Rxe1 Qxa2 31. Nxg7 Qd5 32. g4 Qd4 33. Re7+ Kc6 34. Rxf7 Qxg4+ 35. Kh1 Qe4+ 36. Kg1 Qg6+   {White resigns} 0-1

[Event "Team 45 45 League T23"]
[Site "Free Internet Chess Server"]
[Date "PDT.07.0"]
[Round "5"]
[White "blkmagic"]
[Black "KlassAct"]
[Result "0-1"]
[WhiteElo "1153"]
[BlackElo "1430"]
[TimeControl "2700+45"]

1. e4 e5 2. Nc3 Bc5 3. Nf3 Nc6 4. Bb5 Nf6 5. O-O d6 6. Bxc6+ bxc6 7. d3 h6 8. Be3 Bb6 9. Na4 O-O 10. Qd2 Bg4 11. Ng5 Bxe3 12. Qxe3 hxg5 13. Qxg5 Bd7 14. Rad1 Nh7 15. Qxd8 Raxd8 16. d4 exd4 17. Rxd4 c5 18. Rd2 Bxa4 19. b3 Bc6 20. a4 Bxe4 21. Re1 Bg6 22. Re7 Rfe8 23. Ree2 Rxe2 24. Rxe2 Nf6 25. h3 Re8 26. Rd2 Ne4 27. Rd3 Nxf2   {White resigns} 0-1

[Event "Team 45 45 League T23"]
[Site "Free Internet Chess Server"]
[Date "PDT.07.0"]
[Round "5"]
[White "twinders"]
[Black "Chessface"]
[Result "1-0"]
[WhiteElo "1664"]
[BlackElo "1640"]
[TimeControl "2700+45"]

1. d4 Nf6 2. Bf4 g6 3. c4 d6 4. Nc3 Bg7 5. Qd2 O-O 6. Nf3 Nbd7 7. Bh6 e5 8. Bxg7 Kxg7 9. dxe5 dxe5 10. g3 c6 11. Bg2 Qc7 12. O-O Nb6 13. b3 Bf5 14. Nh4 Be6 15. Ne4 Nxe4 16. Bxe4 Bh3 17. Bg2 Bxg2 18. Kxg2 Rad8 19. Qg5 h6 20. Nf5+ Kg8 21. Nxh6+ Kh7 22. Ng4 Nd7 23. Rad1 Rh8 24. Rxd7   {Black resigns} 1-0

[Event "Team 45 45 League T23"]
[Site "Free Internet Chess Server"]
[Date "2004.07.11"]
[Round "5"]
[White "welshblitzer"]
[Black "Rob"]
[Result "0-1"]
[WhiteElo "1484"]
[BlackElo "1909"]
[TimeControl "2700+45"]

1. e4 d5 2. exd5 Qxd5 3. Nf3 Nf6 4. Nc3 Qa5 5. h3 c6 6. Be2 Bf5 7. d3 Nbd7 8. Bd2 O-O-O 9. Ne4 Qc7 10. Nxf6 Nxf6 11. Ng5 e5 12. Bc3 h6 13. Nf3 e4 14. Nd4 Bh7 15. Bg4+ Kb8 16. Bf5 Bc5 17. Bxh7 Bxd4 18. Bxd4 Rxd4 19. O-O Rxh7 20. Re1 exd3 21. cxd3 Rh8 22. Re3 Rhd8 23. Qe2 Nd5 24. Re8 Nf4 25. Rxd8+ Rxd8 26. Qf3 Rxd3 27. Qe4 g5 28. Re1 Rd8 29. Qh7 Qd7 30. Qxh6 Qd5 31. f3 Qd2 32. Qxg5 Nxh3+ 33. gxh3 Qxg5+   {White resigns} 0-1

[Event "Team 45 45 League T23"]
[Site "Free Internet Chess Server"]
[Date "2004.07.11"]
[Round "5"]
[White "phorku"]
[Black "Triplea"]
[Result "0-1"]
[WhiteElo "1492"]
[BlackElo "1252"]
[TimeControl "2700+45"]

1. e4 e5 2. Nf3 Nc6 3. d4 exd4 4. c3 dxc3 5. Nxc3 Bb4 6. Bc4 d6 7. Ng5 Ne5 8. Bxf7+ Nxf7 9. Nxf7 Kxf7 10. Qb3+ Be6 11. Qxb4 b6 12. Bf4 Nf6 13. O-O-O d5 14. Bg5 c6 15. exd5 cxd5 16. Rd4 Rc8 17. Rhd1 Qd7 18. Bxf6 gxf6 19. Kb1 Rhd8 20. Rh4 Bf5+ 21. Ka1 Rc5 22. a3 Qe6 23. Ne2 Qxe2 24. Re1 Qxf2 25. Rf4 Qc2 26. Qd4 Rc4 27. Qe3 Re4 28. Rxe4 Qxe4 29. Qg3 Qc4 30. Qf2 Be6 31. Rf1 f5 32. Qh4 Qxh4   {White resigns} 0-1

[Event "Team 45 45 League T23"]
[Site "Free Internet Chess Server"]
[Date "PDT.07.0"]
[Round "5"]
[White "jikes"]
[Black "rmrcoxa"]
[Result "1-0"]
[WhiteElo "1745"]
[BlackElo "1740"]
[TimeControl "2700+45"]

1. e4 e5 2. Nf3 d5 3. exd5 e4 4. Qe2 Nf6 5. d3 Qxd5 6. Nc3 Bb4 7. Bd2 Bxc3 8. Bxc3 Nbd7 9. dxe4 Qd6 10. e5 Qc6 11. exf6+ Qe6 12. Qxe6+ fxe6   {Black resigns} 1-0

[Event "Team 45 45 League T23"]
[Site "Free Internet Chess Server"]
[Date "2004.07.10"]
[Round "5"]
[White "threeNT"]
[Black "tjraczko"]
[Result "0-1"]
[WhiteElo "1691"]
[BlackElo "1513"]
[TimeControl "2700+45"]

1. e4 e5 2. Nf3 Nc6 3. Bb5 a6 4. Ba4 Nf6 5. O-O Nxe4 6. d4 b5 7. Bb3 d5 8. dxe5 Be6 9. Qe2 Be7 10. Rd1 O-O 11. c4 bxc4 12. Bxc4 f6 13. Qxe4 dxe4 14. Rxd8 Raxd8 15. Bxe6+ Kh8 16. Nfd2 Nd4 17. Nc3 Nxe6 18. Ndxe4 Nd4 19. Be3 Nc2 20. exf6 Bxf6 21. Rf1 Nxe3 22. fxe3 Bxc3 23. Rxf8+ Rxf8 24. Nxc3 g6 25. Nd5 c5 26. b3 Kg7 27. Nb6 Rd8 28. Nc4 Kf6 29. Kf2 Kf5 30. Kf3 h5 31. e4+ Ke6 32. h4 Rf8+ 33. Ke3 Rf1 34. g3 Rg1 35. Kf4 Rf1+ 36. Kg5 Rg1 37. Kxg6 Rxg3+ 38. Kxh5 Rg2 39. Kh6 Rxa2 40. Kg6 Rg2+ 41. Kh5 Rg3 42. Na5 Re3 43. Kg5 Rxe4 44. h5 Kf7 45. Nc4 Rxc4 46. bxc4 a5 47. h6 Kg8 48. Kg6 Kh8 49. h7 a4 50. Kf5 a3   {White resigns} 0-1

[Event "Team 45 45 League T23"]
[Site "Free Internet Chess Server"]
[Date "PDT.07.0"]
[Round "5"]
[White "wook"]
[Black "senorquinn"]
[Result "1/2-1/2"]
[WhiteElo "1533"]
[BlackElo "1458"]
[TimeControl "2700+45"]

1. e4 c5 2. Nf3 e6 3. d4 cxd4 4. Nxd4 Nf6 5. Nc3 Nc6 6. Be3 a6 7. a3 Be7 8. Be2 d5 9. exd5 exd5 10. O-O O-O 11. f4 Qc7 12. Bf3 Rd8 13. Qe2 Nxd4 14. Bxd4 Qxf4 15. Rad1 Be6 16. Bxd5 Qg4 17. Bxe6 Qxe6 18. Qxe6 fxe6 19. Rfe1 Rd6 20. Be5 Rxd1 21. Rxd1 Rd8 22. h3 Rxd1+ 23. Nxd1 Ne4 24. Bd4 Bf6 25. c3 Kf7 26. Nf2 Nd2 27. Bxf6 gxf6 28. Nd3 b6 29. a4 Nb3 30. Kf2 Kg6 31. Ke3 Kf5   {Game drawn by mutual agreement} 1/2-1/2

[Event "Team 45 45 League T23"]
[Site "Free Internet Chess Server"]
[Date "2004.07.12"]
[Round "5"]
[White "BIRDSMAN"]
[Black "lamtarra"]
[Result "1-0"]
[WhiteElo "1561"]
[BlackElo "1478"]
[TimeControl "2700+45"]

1. e4 d6 2. d4 Nf6 3. Nc3 g6 4. f4 Bg7 5. Nf3 O-O 6. e5 Nfd7 7. Bc4 Nb6 8. Bb3 e6 9. Be3 dxe5 10. dxe5 Bd7 11. Ne4 Bc6 12. Nc5 Qxd1+ 13. Rxd1 Nd5 14. Ke2 Nd7 15. Nxd7 Bxd7 16. Bxd5 Bb5+ 17. c4 exd5 18. cxb5 c6 19. bxc6 bxc6 20. Rc1 Rfc8 21. Rc2 a6 22. Rhc1 f6 23. Rxc6 Rxc6 24. Rxc6 fxe5 25. Nxe5 Kf8 26. Bc5+ Ke8 27. Rd6 Bf8 28. Re6+ Kd8   {Black resigns} 1-0

[Event "Team 45 45 League T23"]
[Site "Free Internet Chess Server"]
[Date "2004.07.11"]
[Round "5"]
[White "Phendrana"]
[Black "KlassAct"]
[Result "0-1"]
[WhiteElo "1421"]
[BlackElo "1470"]
[TimeControl "2700+45"]

1. d4 g6 2. e4 Bg7 3. Nf3 Nf6 4. Nc3 O-O 5. Bc4 d6 6. O-O Nc6 7. Re1 Bg4 8. Be3 Nd7 9. h3 Bxf3 10. Qxf3 Nxd4 11. Qd1 Nc6 12. Qd2 Nde5 13. Bd5 e6 14. Bxc6 Nxc6 15. Bh6 Qh4 16. Bxg7 Kxg7 17. Nb5 a6 18. Qc3+ e5 19. Nxc7 Rac8 20. Nd5 Nd4 21. Nc7 Qd8 22. Qd3 Rxc7 23. Rac1 Ne6 24. g3 Qf6 25. Qxd6 Rfc8 26. c3 Nd4 27. Re2 Nxe2+   {White resigns} 0-1

[Event "Team 45 45 League T23"]
[Site "Free Internet Chess Server"]
[Date "2004.07.12"]
[Round "5"]
[White "Triplea"]
[Black "paultopia"]
[Result "1-0"]
[WhiteElo "1265"]
[BlackElo "1360"]
[TimeControl "2700+45"]

1. e4 Nf6 2. Nc3 d5 3. exd5 e6 4. dxe6 Bxe6 5. d4 c5 6. Nf3 Nc6 7. Bb5 Bd7 8. Be3 Ng4 9. dxc5 Nxe3 10. fxe3 Bxc5 11. Qd2 O-O 12. O-O-O Bg4 13. h3 Bxf3 14. gxf3 Qxd2+ 15. Rxd2 Bxe3 16. Rd1 Rad8 17. Ne4 Nd4 18. Ba4 Nxf3 19. c3 Rfe8 20. Bxe8 Bxd2+ 21. Nxd2 Rxe8 22. Nxf3 Re3 23. Rd8+   {Black resigns} 1-0

[Event "Team 45 45 League T23"]
[Site "Free Internet Chess Server"]
[Date "2004.07.11"]
[Round "5"]
[White "blkmagic"]
[Black "jerryrab"]
[Result "1-0"]
[WhiteElo "1133"]
[BlackElo "1249"]
[TimeControl "2700+45"]

1. e4 c5 2. Nc3 d6 3. Nf3 Nc6 4. Bb5 Bd7 5. O-O Nf6 6. d4 h6 7. Bxc6 Bxc6 8. d5 Bd7 9. e5 dxe5 10. Nxe5 Qc7 11. Re1 O-O-O 12. Nxf7 Bg4 13. Qd2 e6 14. Nxh8 exd5 15. Nb5 Qc6 16. a4 Qd7 17. Nxa7+ Kb8 18. Nb5 g5 19. Qa5 Qxb5 20. Qxb5 Bd7 21. Qb6 Rc8 22. Nf7 Ne4 23. a5 Rc6 24. Qd8+ Rc8 25. Qxd7 Nf6 26. Qe6 Rc6 27. Qe5+ Ka7 28. f4 d4 29. fxg5 hxg5 30. Bxg5 Nd7 31. Qe8 Rc7 32. Bf4 Nf6 33. Qxf8 Rc6 34. Qb8+ Ka6 35. Qa8+ Kb5 36. Qxb7+   {Black resigns} 1-0

[Event "Team 45 45 League T23"]
[Site "Free Internet Chess Server"]
[Date "PDT.07.0"]
[Round "5"]
[White "petlya"]
[Black "senorquinn"]
[Result "1-0"]
[WhiteElo "1659"]
[BlackElo "1451"]
[TimeControl "2700+45"]

1. e4 g6 2. d4 Bg7 3. Nf3 d6 4. h3 Nc6 5. c3 e5 6. dxe5 Nxe5 7. Nxe5 Bxe5 8. Na3 Nf6 9. Bd3 Nd7 10. O-O O-O 11. Bh6 Re8 12. f4 Bh8 13. f5 Nc5 14. fxg6 hxg6 15. Qf3 Be6 16. Bc2 Qh4 17. Be3 Re7 18. Bd4 Rae8 19. Rae1 Bxa2 20. Bxc5 dxc5 21. b3 Qh7 22. Ra1 Qg7 23. Rxa2 Qxc3 24. Qxc3 Bxc3 25. Nb5 Bg7 26. Rxa7 c6 27. Na3 Bd4+ 28. Kh2 Be5+ 29. Kh1 Bb2 30. Nc4   {Black resigns} 1-0

[Event "Team 45 45 League T23"]
[Site "Free Internet Chess Server"]
[Date "2004.07.10"]
[Round "5"]
[White "Anarkyyst"]
[Black "JayH"]
[Result "0-1"]
[WhiteElo "1315"]
[BlackElo "1452"]
[TimeControl "2700+45"]

1. d4 d5 2. c4 c6 3. Nc3 Be6 4. Nb1 h6 5. Nc3 Nf6 6. e3 Bf5 7. f3 e6 8. e4 dxe4 9. fxe4 Nxe4 10. Qf3 Bb4 11. a3 Qa5 12. Ne2 Nd7 13. Bd2 Nxd2 14. Kxd2 Nb6 15. Nc1 Nxc4+ 16. Bxc4 Rd8 17. Nb3 Bxc3+ 18. Qxc3 Qb6 19. Nc5 Qxc5 20. Kc1 Rxd4 21. Rd1 Rxd1+ 22. Kxd1 O-O 23. Ke1 Qg1+ 24. Bf1 Qxh2 25. Kf2 Rd8 26. Re1 Qd6 27. Be2 Qf4+ 28. Qf3 Qxf3+ 29. gxf3 Rd2 30. Rd1 Rxb2 31. Rd8+ Kh7 32. Kg3 Rxe2   {White resigns} 0-1

[Event "Team 45 45 League T23"]
[Site "Free Internet Chess Server"]
[Date "PDT.07.0"]
[Round "5"]
[White "manyhorses"]
[Black "nightryder"]
[Result "1-0"]
[WhiteElo "1231"]
[BlackElo "1417"]
[TimeControl "2700+45"]

1. e4 e5 2. d4 Qf6 3. Nf3 exd4 4. Nxd4 Bc5 5. Be3 Nh6 6. Nc3 Ng4 7. Qxg4 Bxd4 8. Bxd4 Qxd4 9. Be2 Nc6 10. O-O d5 11. Qf4 O-O 12. Nb5 Qe5 13. Qxe5 Nxe5 14. exd5 Bf5 15. Nxc7 Rac8 16. Nb5 a6 17. Nd6 Rxc2 18. Nxf5 Rxb2 19. Ne7+ Kh8 20. Bd1 Re8 21. d6 Rb6 22. Ba4 Rd8 23. d7 Nxd7 24. Rfe1 Nc5 25. Bc2 g6 26. Rab1 Rxb1 27. Bxb1 Na4 28. h4 Nc3 29. g4 Rd4 30. f3 Rf4 31. Kf2 Rb4 32. Bd3 Nxa2 33. h5 gxh5 34. gxh5 h6 35. Kg3 a5 36. Nf5 Nc3 37. Nxh6 Kg7 38. Nf5+ Kf8 39. h6 Rb5 40. h7 a4 41. h8=Q#   {Black checkmated} 1-0

[Event "Team 45 45 League T23"]
[Site "Free Internet Chess Server"]
[Date "2004.07.10"]
[Round "5"]
[White "Cherville"]
[Black "chesstalker"]
[Result "0-1"]
[WhiteElo "1155"]
[BlackElo "1251"]
[TimeControl "2700+45"]

1. d4 d5 2. Nf3 Nf6 3. e3 Bg4 4. Bd3 Nc6 5. c3 e5 6. dxe5 Nxe5 7. Be2 Bd6 8. Nxe5 Bxe2 9. Qxe2 Bxe5 10. Qb5+ Qd7 11. Qxb7 O-O 12. O-O Qf5 13. Nd2 Rfb8 14. Qa6 Rb6 15. Qe2 Qc2 16. Qf3 Qg6 17. Re1 Qh6 18. g3 Re6 19. c4 Rd8 20. cxd5 Nxd5 21. e4 Rf6 22. Nc4 Rxf3 23. Bxh6 Bd4 24. Kg2 Rxf2+ 25. Kh1 Nb6 26. Be3 Bxe3 27. Nxe3 Rdd2 28. Ng4 Rg2 29. Rad1 h5 30. Rxd2 Rxd2 31. Ne5 Rxb2 32. Rc1 Re2 33. Rc6 Rxe4 34. Nd3 Rd4 35. Nc5 Rc4 36. Rxc7 a5 37. Rb7 Nd5 38. Rb8+ Kh7 39. Nd7 Ne3 40. h4 Rc1+ 41. Kh2 Rc2+ 42. Kh3 Rxa2 43. Nf8+ Kh6 44. Rb6+ f6 45. Rb3 Ng4 46. Ne6 Rh2#   {White checkmated} 0-1

[Event "Team 45 45 League T23"]
[Site "Free Internet Chess Server"]
[Date "PDT.07.0"]
[Round "5"]
[White "danke"]
[Black "KymF"]
[Result "1/2-1/2"]
[WhiteElo "2069"]
[BlackElo "2093"]
[TimeControl "2700+45"]

1. g3 Nf6 2. Bg2 e5 3. d3 Bc5 4. Nf3 d6 5. O-O O-O 6. c4 Nc6 7. Nc3 a6 8. Bg5 h6 9. Bxf6 Qxf6 10. Ne4 Qe7 11. Nxc5 dxc5 12. Nd2 Bd7 13. Ne4 Rad8 14. Nc3 b6 15. a3 Qd6 16. Nd5 Rfe8 17. Qd2 Nd4 18. Rae1 Bg4 19. f3 Be6 20. f4 Bxd5 21. cxd5 Nf5 22. e3 exf4 23. Rxf4 Ne7 24. e4 Ng6 25. Rff1 c6 26. d4 cxd4 27. Qxd4 c5 28. Qe3 b5 29. Rf2 Ne5 30. Bh3 Re7 31. Ref1 c4 32. Qd4 Rde8 33. Re2 a5 34. Qd2 a4 35. Qd4 Rb8 36. Rf5 Ra8 37. Bg2 Rae8   {Game drawn by mutual agreement} 1/2-1/2

[Event "Team 45 45 League T23"]
[Site "Free Internet Chess Server"]
[Date "2004.07.12"]
[Round "5"]
[White "nham"]
[Black "ktwag"]
[Result "0-1"]
[WhiteElo "1996"]
[BlackElo "1849"]
[TimeControl "2700+45"]

1. e4 e5 2. f4 exf4 3. Bc4 d6 4. d4 Qh4+ 5. Kf1 Be7 6. Nc3 Nf6 7. Nf3 Qh6 8. Qd3 O-O 9. Ne2 Nh5 10. c3 Nc6 11. Bb3 Bd7 12. Bd2 Rae8 13. Kf2 Bf6 14. Rag1 Re7 15. g3 fxg3+ 16. hxg3 Qg6 17. Bc2 Rfe8 18. e5 dxe5 19. dxe5 Nxe5 20. Nxe5 Rxe5 21. Nd4 R5e7 22. Qf3 Bxd4+ 23. cxd4 Qxc2   {White resigns} 0-1

[Event "Team 45 45 League T23"]
[Site "Free Internet Chess Server"]
[Date "2004.07.11"]
[Round "5"]
[White "Lofoten"]
[Black "minkowski"]
[Result "0-1"]
[WhiteElo "1794"]
[BlackElo "2031"]
[TimeControl "2700+45"]

1. e4 e6 2. d4 d5 3. Nc3 Bb4 4. e5 c5 5. a3 Ba5 6. b4 cxd4 7. Qg4 Ne7 8. bxa5 dxc3 9. Qxg7 Rg8 10. Qxh7 Nbc6 11. f4 Qxa5 12. Nf3 Bd7 13. Rb1 O-O-O 14. Qd3 Nf5 15. Rg1 d4 16. g4 Ne3 17. Nxd4 Nxd4 18. Bxe3 Nf3+ 19. Kf2 Nxg1 20. Bg2 Bc6 21. Qc4 Qc7 22. Bxc6 Qxc6 23. Qxc6+ bxc6 24. Rxg1 Rd5 25. h4 Ra5 26. Bc1 Kd7 27. h5 Ke7 28. g5 Kf8 29. h6 Rh8 30. Rd1 Rd5 31. Rxd5 cxd5 32. Ke3 Kg8 33. Kd4 Kh7 34. Kxc3 Rb8 35. Kd3 Kg6 36. Kc3 Kf5 37. Kd3 Rb1 38. Bd2 Ra1 39. Ke2 Rxa3 40. Bb4 Rh3 41. Be7 Kxf4 42. Bf6 Kf5 43. Kd2 Kg6 44. Kc1 Rc3 45. Kb2 Rc4 46. Kb3 a5 47. Bd8 a4+ 48. Ka3 Rxc2 49. Kxa4 d4 50. Kb3 d3 51. Bf6 Rc6   {White resigns} 0-1

[Event "Team 45 45 League T23"]
[Site "Free Internet Chess Server"]
[Date "2004.07.10"]
[Round "5"]
[White "Tomukas"]
[Black "JohnR"]
[Result "1-0"]
[WhiteElo "1864"]
[BlackElo "1737"]
[TimeControl "2700+45"]

1. d4 e5 2. dxe5 Nc6 3. Nf3 Qe7 4. Nbd2 Nxe5 5. Nxe5 Qxe5 6. Nf3 Qa5+ 7. Bd2 Qb6 8. Bc3 Nf6 9. Qd3 Bc5 10. e3 O-O 11. h3 Re8 12. Bd4 Bxd4 13. Qxd4 c5 14. Qc3 d5 15. O-O-O Ne4 16. Qe1 Be6 17. Bd3 Rad8 18. Bxe4 dxe4 19. Nd2 Qa5 20. a3 f5 21. Nb1 Rxd1+ 22. Qxd1 Rd8 23. Qe1 Qxe1+ 24. Rxe1 b5 25. Rd1 Rxd1+ 26. Kxd1 Kf7 27. b4 cxb4 28. axb4 Ke7 29. Nc3 a6 30. Ne2 Kd6 31. Nd4 Kd5 32. Kd2 Bd7 33. Kc3 g5 34. Ne2 Ke5 35. g3 Be6 36. Nd4 Bd7 37. f4+ exf3 38. Nxf3+ Ke4 39. Nxg5+ Kxe3 40. Nxh7 Kf3 41. g4 fxg4 42. hxg4 Bxg4 43. Kd4 Bf5 44. Nf6 Bxc2 45. Nd5 Be4 46. Nc7 Bb7 47. Kc5 Ke4 48. Kb6 Bc8 49. Nxa6 Bd7 50. Nc5+ Kd5 51. Nxd7 Kc4 52. Ka5   {Black resigns} 1-0

[Event "Team 45 45 League T23"]
[Site "Free Internet Chess Server"]
[Date "2004.07.14"]
[Round "5"]
[White "sonareclipse"]
[Black "Bengbula"]
[Result "1-0"]
[WhiteElo "2059"]
[BlackElo "1996"]
[TimeControl "2700+45"]

1. e4 e6 2. d4 d5 3. Nc3 Nf6 4. e5 Nfd7 5. f4 c5 6. Nf3 Nc6 7. Be3 a6 8. Qd2 b5 9. dxc5 Bxc5 10. Bxc5 Nxc5 11. Nd4 Bb7 12. O-O-O b4 13. Nxc6 Bxc6 14. Ne2 a5 15. Nd4 Qb6 16. f5 b3 17. cxb3 Ne4 18. Qf4 O-O 19. f6 Rfc8 20. Qg4 g6 21. Qf4 g5 22. Qe3 a4 23. Kb1 axb3 24. a3 Ra4 25. h4 Bb7 26. Bb5   {Black forfeits on time} 1-0

[Event "Team 45 45 League T23"]
[Site "Free Internet Chess Server"]
[Date "2004.07.12"]
[Round "5"]
[White "Nogger"]
[Black "maeck"]
[Result "1/2-1/2"]
[WhiteElo "2010"]
[BlackElo "1947"]
[TimeControl "2700+45"]

1. Nf3 Nf6 2. b3 g6 3. Bb2 Bg7 4. g3 O-O 5. Bg2 d6 6. d4 c6 7. O-O e5 8. dxe5 Ng4 9. c4 Nxe5 10. Nc3 Bg4 11. Nd4 Na6 12. h3 Bc8 13. f4 Nd7 14. Qd2 Qa5 15. Rad1 Nf6 16. e4 Nc5 17. Rfe1 Ne6 18. Nc2 Nh5 19. b4 Qb6+ 20. Kh2 Bh6 21. Rf1 Rd8 22. Ne2 a5 23. a3 axb4 24. axb4 Ra2 25. Qc3 Bg7 26. e5 Bh8 27. Qb3 Rxb2 28. Qxb2 dxe5 29. Rxd8+ Qxd8 30. fxe5 Qd3 31. Ne1 Qxc4 32. Nf3 Nhg7 33. Qd2 Nf5 34. Nf4 Ned4 35. Rc1 Nxf3+ 36. Bxf3 Qd4 37. Rd1 Bxe5 38. Qe2 Nxg3 39. Rxd4 Nxe2 40. Rd8+ Kg7 41. Rxc8 Nxf4 42. h4 Nd5+ 43. Kh3 Nxb4 44. h5 h6 45. hxg6 fxg6 46. Be4 Nd5 47. Rd8 Nf6 48. Bf3 Kf7 49. Ra8 Ke6 50. Ra7 Kd6 51. Rxb7 h5 52. Rg7 c5 53. Rxg6 Ke7 54. Rxf6   {Game drawn by mutual agreement} 1/2-1/2

[Event "Team 45 45 League T23"]
[Site "Free Internet Chess Server"]
[Date "PDT.07.0"]
[Round "5"]
[White "xivarmy"]
[Black "twinders"]
[Result "1-0"]
[WhiteElo "1893"]
[BlackElo "1669"]
[TimeControl "2700+45"]

1. d4 Nf6 2. c4 e6 3. Nf3 b6 4. Nc3 Bb7 5. Bg5 Bb4 6. e3 O-O 7. Bd3 d5 8. cxd5 Bxd5 9. e4 Bxc3+ 10. bxc3 h6 11. Bxf6 Qxf6 12. exd5 exd5 13. O-O Nd7 14. Re1 c5 15. Bb5 Rad8 16. Qa4 Nb8 17. Qxa7 cxd4 18. cxd4 Qd6 19. Qa4 Nd7 20. Ne5 Nf6 21. Qb3 Ne4 22. f3 Ng5 23. Nc6 Rde8 24. a4 Ne6 25. Rac1 Rc8 26. Qe3 Rc7 27. Qe5 Qxe5 28. dxe5 Rfc8 29. Ne7+   {Black resigns} 1-0